 Dungeon Crawl Stone Soup version 0.19-a0-1568-gdd01aac (webtiles) character file.

203 Amnesiac the Digger (level 5, -25/35 HPs)
             Began as a Mummy Earth Elementalist on Sept 15, 2016.
             Engulfed by a cloud of flame (34 damage)
             ... on level 3 of the Dungeon.
             The game lasted 00:06:56 (2584 turns).

Amnesiac the Digger (Mummy Earth Elementalist)      Turns: 2584, Time: 00:06:57

Health: -25/35     AC:  3    Str: 11    XL:     5   Next: 51%
Magic:  7/9        EV: 12    Int: 15    God:
Gold:   144        SH:  0    Dex: 13    Spells: 3 memorised, 3 levels left

rFire  x . .     SeeInvis .     b - 38 stones
rCold  + . .     Gourm    .     c - +0 robe
rNeg   + + +     Faith    .     (no shield)
rPois  ∞         Spirit   .     (no helmet)
rElec  .         Dismiss  .     j - +0 cloak
rCorr  .         Reflect  .     (no gloves)
MR     .....     Harm     .     (no boots)
Stlth  ++........               (no amulet)
                                (no ring)
                                f - ring of flight

@: no status effects
A: no food or potions, fire vulnerability, cold resistance 1, negative energy
resistance 3, torment resistance, unbreathing
a: Evoke Flight


You were on level 3 of the Dungeon.
You were not hungry.

You visited 2 branches of the dungeon, and saw 5 of its levels.

You collected 144 gold pieces.

Inventory:

Hand Weapons
 a - a +1 whip of pain
Missiles
 b - 38 stones (in hand)
Armour
 c - a +0 robe (worn)
 j - a +0 cloak (worn)
Jewellery
 f - a ring of flight (left hand)
Scrolls
 i - a scroll of remove curse
 k - a scroll of enchant armour {unknown}
Books
 d - a book of Geomancy

   Spells                             Type                      Level
   a - Sandblast                      Earth                        1
   b - Passwall                       Transmutation/Earth          2
   c - Stone Arrow                    Conjuration/Earth            3
   d - Petrify                        Transmutation/Earth          4
   e - Lee's Rapid Deconstruction     Earth                        5


   Skills:
 - Level 1.5 Dodging
 - Level 1.5 Stealth
 + Level 2.7 Spellcasting
 - Level 0.7 Transmutations
 * Level 4.9 Earth Magic


You had 3 spell levels left.
You knew the following spells:

 Your Spells              Type           Power        Failure   Level  Hunger
a - Stone Arrow           Conj/Erth      #.....       24%         3    N/A
v - Passwall              Tmut/Erth      ##........   12%         2    N/A
z - Sandblast             Erth           ###...       2%          1    N/A

Dungeon Overview and Level Annotations

Branches:
Dungeon (4/15)             Temple (1/1) D:4

Altars:
Ashenzari
Cheibriados
Dithmenos
Elyvilon
Fedhas
Gozag
Hepliaklqana
Kikubaaqudgha
Makhleb
Nemelex Xobeh
Okawaru
Qazlal
Ru
Trog
Uskayaw
Vehumet
Xom
Yredelemnul
Zin
The Shining One

Annotations:
D:4 1 runed door, exclusions: goblin and 1 more exclusion


Innate Abilities, Weirdness & Mutations

You do not eat or drink.
Your flesh is vulnerable to fire.
You are immune to poison.
Your flesh is cold resistant. (rC+)
You are immune to negative energy. (rN+++)
You are immune to unholy pain and torment.
You can survive without breathing.


Message History

As you read the scroll labeled KECIAV WAURR, it crumbles to dust.
You feel blessed for a moment.
It was a scroll of remove curse.
The bat completely misses you.
As you read the scroll labeled VENKY BYWEWNUS, it crumbles to dust.
The creatures around you are filled with an inner flame!
It was a scroll of immolation.
The bat barely misses you. The bat hits you.
Unknown command.
Casting: Sandblast
Confirm with . or Enter, or press ? or * to list all spells.
Aiming: Sandblast
Press: ? - help, Shift-Dir - straight line, f/p - bat
Aim: a bat (inner flame)
The rocky blast hits the bat.
The bat explodes!
The fiery explosion engulfs you! The fire burns you terribly!
Ouch! That really hurt!
* * * LOW HITPOINT WARNING * * *
You are engulfed in roaring flames.
Ouch! That really hurt!
You die...

####.#.......#
#####
#............#
#.###.#+#'####
#.# #...#.#
#.# ##..#.#
#.# ..#)# #.#
#.#.#####
####.#
#.......#
...#.#
#...###@#
##.#.# #...#
#§# #...#
#..># §.#
#####
#.###.### #.
#% ## #


There were no monsters in sight!

Vanquished Creatures
  A jelly (D:3)
  2 orc wizards (D:4)
  Ijyb (D:3)
  A worker ant (D:4)
  4 worms
  2 dart slugs
  6 orcs
  A ball python (D:1)
  5 giant cockroaches
  3 goblins
  3 hobgoblins
  2 jackals
  2 quokkas (D:4)
  4 bats
  A frilled lizard (D:2)
  2 kobolds
  5 rats
45 creatures vanquished.

Notes
Turn   | Place    | Note
-------+----------+-------------------------------------------
     0 | D:1      | Amnesiac the Mummy Earth Elementalist began the quest for the Orb.
     0 | D:1      | Reached XP level 1. HP: 13/13 MP: 3/3
   383 | D:1      | Reached XP level 2. HP: 17/19 MP: 1/5
   437 | D:1      | Reached skill level 3 in Earth Magic
   540 | D:2      | Found a faded altar of an unknown god.
   544 | D:2      | Learned a level 2 spell: Passwall
   733 | D:4      | Reached XP level 3. HP: 24/24 MP: 0/6
   904 | D:4      | Learned a level 3 spell: Stone Arrow
  1032 | D:4      | Found a staircase to the Ecumenical Temple.
  1039 | Temple   | Entered the Ecumenical Temple
  1289 | D:4      | Reached skill level 4 in Earth Magic
  1289 | D:4      | Reached XP level 4. HP: 23/30 MP: 1/7
  1329 | D:4      | Found a sand-covered staircase.
  1603 | D:4      | Found a runed door.
  1774 | D:2      | Found a sacrificial altar of Ru.
  1774 | D:2      | Found a radiant altar of Vehumet.
  2108 | D:2      | Found a glowing golden altar of the Shining One.
  2119 | D:2      | Found a basalt altar of Yredelemnul.
  2224 | D:2      | Noticed an angel
  2262 | D:3      | Reached XP level 5. HP: 35/35 MP: 5/8
  2479 | D:3      | Noticed Ijyb
  2491 | D:3      | Killed Ijyb
  2584 | D:3      | Engulfed by a cloud of flame

Vault maps used:
D:1:      dpeg_arrival_rooms_with_view, kennysheep_nondescript,
          hangedman_feature_mirror
D:2:      grunt_temple_overflow_holy_war, gammafunk_temple_overflow_statue,
          ecumenical_altar_1, serial_bayou_pond_d, serial_park_tiny_2
D:3:      uniq_iyjb
D:4:      minmay_goblin_kobold_castle, enter_ossuary_3, uniq_crazy_yiuf_cottage
Temple:   regret_index_temple_sphere_string

Skill      XL: |  1  2  3 |
---------------+----------+-----
Earth Magic    | 3 4 |  4.9
Dodging        | |  1.5
Stealth        | |  1.5
Spellcasting   | |  2.7
Transmutations | |  0.7

Action                   |  1- 3 |  4- 6 || total
-------------------------+-------+-------++-------
 Cast: Sandblast         |    48 |    59 ||   107
  Use: Scroll            |       |     5 ||     5
Armor: Robe              |     3 |     4 ||     7
Dodge: Dodged            |    17 |    12 ||    29
